 Dungeon Crawl Stone Soup version 0.28.0 (webtiles) character file.

Game seed: 224510588051764944

85 fragbeetle the Chopper (level 4, 0/39 HPs)
             Began as a Hill Orc Fighter on Feb 8, 2022.
             Slain by a hound (3 damage)
             ... on level 4 of the Dungeon.
             The game lasted 00:02:15 (908 turns).

fragbeetle the Chopper (Hill Orc Fighter)            Turns: 908, Time: 00:02:16

Health: 0/39       AC: 10    Str: 20    XL:     4   Next: 48%
Magic:  4/4        EV:  8    Int:  8    God:
Gold:   54         SH:  8    Dex: 10    Spells: 3/3 levels left

rFire   . . .      SeeInvis .   a - +0 war axe
rCold   + . .      Faith    .   f - +0 kite shield
rNeg    . . .      Spirit   .   m - +2 ring mail {rC+}
rPois   .          Reflect  .   (no helmet)
rElec   .          Harm     .   h - +0 cloak
rCorr   .          Rampage  .   (no gloves)
Will    .....                   k - +0 pair of boots
Stlth   ..........              (no amulet)
HPRegen 0.13/turn               (no ring)
MPRegen 0.09/turn               (no ring)

@: mighty
A: no striking features
a: no special abilities


You were on level 4 of the Dungeon.
You visited 1 branch of the dungeon, and saw 3 of its levels.

You collected 54 gold pieces.

Inventory:

Hand Weapons
 a - a +0 war axe (weapon)
Armour
 f - a +0 kite shield (worn)
 h - a +0 cloak (worn)
 k - a +0 pair of boots (worn)
 m - a +2 ring mail of cold resistance (worn)
Jewellery
 g - a +6 ring of dexterity
Scrolls
 b - a scroll of teleportation {unknown}
 e - a scroll of vulnerability {unknown}
 l - 3 scrolls of identify {unknown}
Potions
 i - a potion of mutation {unknown}
 j - a potion of degeneration {unknown}


   Skills:
 - Level 3.6 Fighting
 + Level 6.1 Axes
 - Level 3.2 Armour
 - Level 3.2 Shields


You had 3 spell levels left.
You didn't know any spells.
Your spell library contained the following spells:

 Spells                   Type           Power      Damage    Failure   Level
 Static Discharge         Conj/Air       0%         N/A       98%         2
 Lightning Bolt           Conj/Air       0%         1d11      100%        5
 Maxwell's Capacitive Co  Air            0%         ∞         100%        8


Dungeon Overview and Level Annotations

Branches:
Dungeon (2/15)

Altars:

Annotations:
D:2 Jessica


Message History

You are too injured to fight recklessly!
You are too injured to fight recklessly!
You are too injured to fight recklessly!
You are too injured to fight recklessly!
You feel very mighty all of a sudden. The giant cockroach bites you.
* * * LOW HITPOINT WARNING * * *
You are too injured to fight recklessly!
You are too injured to fight recklessly!
You are too injured to fight recklessly!
You slash the giant cockroach!
You kill the giant cockroach!
You barely miss the hound.
The centaur shoots an arrow.
The arrow barely misses you. The hound misses you.
An adder comes into view.
The hound bites you but does no damage.
The adder moves out of view.
You barely miss the centaur. You closely miss the hound.
The centaur unwields a +2 shortbow of flaming.
It stops flaming.
The centaur barely misses you.
The centaur kicks you but does no damage.
The hound bites you but does no damage. You block the hound's attack.
The centaur closely misses you. You block the centaur's attack.
You closely miss the centaur. You barely miss the hound.
The hound bites you but does no damage.
The centaur hits you but does no damage.
The centaur barely misses you. The hound bites you.
* * * LOW HITPOINT WARNING * * *
The centaur completely misses you.
The centaur kicks you but does no damage.
You barely miss the centaur. You slash the hound! You block the hound's attack.
You block the centaur's attack. The centaur barely misses you.
The hound barely misses you.
The centaur hits you but does no damage.
The centaur kicks you.
* * * LOW HITPOINT WARNING * * *
The adder hisses angrily.
You slash the centaur!
The centaur is heavily wounded.
You closely miss the adder. You barely miss the hound. The hound bites you.
You die...

#. ###.....#.....# #.
#.###........## #.
####.#.###..†..### #.
#..... ##........# #.
#.##.###.....#....
#.##.##.##..[..####..
#......)#....[## ###
##.S.h.#..###.# #
#.#@#..).....#
#.#c#......###
#.#..h....)..#
#)#.#..........
........#.#........##
#.#####$...........#
....######...# #.#.#
...# #B#.#


You could see a centaur, a hound and an adder.

Vanquished Creatures
  A hound (D:4)
  An adder (D:4)
  A dart slug (D:4)
  7 ball pythons
  3 endoplasms (D:1)
  5 giant cockroaches
  4 goblins
  3 hobgoblins (D:1)
  5 kobolds
  3 quokkas
  5 bats (D:1)
  A frilled lizard (D:1)
  3 rats (D:1)
42 creatures vanquished.

Notes
Turn   | Place    | Note
-------+----------+-------------------------------------------
     0 | D:1      | fragbeetle the Hill Orc Fighter began the quest for the
                  | Orb.
     0 | D:1      | Reached XP level 1. HP: 19/19 MP: 1/1
    78 | D:1      | Reached skill level 3 in Axes
    88 | D:1      | Reached XP level 2. HP: 25/26 MP: 2/2
    89 | D:1      | Found a faded altar of an unknown god.
   132 | D:1      | Reached skill level 4 in Axes
   239 | D:1      | Reached XP level 3. HP: 30/31 MP: 3/3
   532 | D:1      | Reached skill level 5 in Axes
   645 | D:2      | Noticed Jessica
   646 | D:2      | You fall into a shaft and drop 2 floors!
   793 | D:4      | Reached skill level 6 in Axes
   793 | D:4      | Reached XP level 4. HP: 28/39 MP: 4/4
   888 | D:4      | Noticed a centaur
   908 | D:4      | Slain by a hound

Illustrated notes

Levels and vault maps discovered:
D:1:      onia_arrival_pyramid, layout_rooms,
          chequers_ecumenical_altar_simple_redux
D:2:      layout_loops_ring, uniq_jessica
D:4:      layout_loops_cross, makhleb_heckhound_becter,
          minmay_temple_entry_overgrown, minmay_crossroads

Skill      XL: |  1  2  3 |
---------------+----------+-----
Axes           | 3 4 6 |  6.1
Fighting       | |  3.6
Armour         | |  3.2
Shields        | |  3.2

Action                   |  1- 3 |  4- 6 || total
-------------------------+-------+-------++-------
Melee: War axe           |    95 |     6 ||   101
  Use: Potion            |       |     1 ||     1
Armor: Scale mail        |    54 |       ||    54
       Ring mail         |    13 |    10 ||    23
Dodge: Dodged            |    34 |     9 ||    43
Block: Kite shield       |    54 |     7 ||    61
